 Dungeon Crawl Stone Soup version 0.28.0 (webtiles) character file.

Game seed: 3577711428409503080

268 RaderH2O the Poker (level 6, 0/56 HPs)
             Began as a Minotaur Berserker on Feb 15, 2022.
             Was a Believer of Trog.
             Killed from afar by an orc wizard (2 damage)
             ... with a magic dart
             ... on level 5 of the Dungeon.
             The game lasted 00:06:52 (2350 turns).

RaderH2O the Poker (Minotaur Berserker)             Turns: 2350, Time: 00:06:53

Health: 0/56       AC: 10    Str: 23    XL:     6   Next: 1%
Magic:  5/5        EV: 10    Int:  4    God:    Trog [**....]
Gold:   102        SH:  0    Dex: 10    Spells: 5/5 levels left

rFire   . . .      SeeInvis .   a - +0 spear
rCold   . . .      Faith    .   (no shield)
rNeg    + . .      Spirit   .   j - +2 scale mail {rN+}
rPois   .          Reflect  .   (helmet restricted)
rElec   .          Harm     .   (no cloak)
rCorr   .          Rampage  .   (no gloves)
Will    .....                   k - +0 pair of boots
Stlth   ..........              (no amulet)
HPRegen 0.18/turn               l - ring of flight
MPRegen 0.09/turn               (no ring)

@: on berserk cooldown, flying, slowed, very slow
A: horns 2, retaliatory headbutt
a: Renounce Religion, Berserk, Trog's Hand


You were on level 5 of the Dungeon.
You worshipped Trog.
Trog was pleased with you.
You visited 1 branch of the dungeon, and saw 4 of its levels.

You collected 102 gold pieces.

Inventory:

Hand Weapons
 a - a +0 spear (weapon)
Missiles
 g - 5 poisoned darts (quivered)
Armour
 b - a +0 animal skin
 c - a +0 ring mail
 j - a +2 scale mail of positive energy (worn)
 k - a +0 pair of boots (worn)
Jewellery
 l - a ring of flight (left hand)
Scrolls
 m - a scroll of teleportation
Potions
 d - a potion of degeneration
 e - 2 potions of haste {unknown}
 f - 2 potions of berserk rage {unknown}
 h - a potion of curing
 i - a potion of magic {unknown}
 n - a potion of brilliance {unknown}
 o - a potion of heal wounds {unknown}


   Skills:
 + Level 5.1 Fighting
 + Level 6.0 Polearms
 + Level 3.9 Armour
 + Level 3.0 Dodging
 + Level 0.3 Stealth


You had 5 spell levels left.
You didn't know any spells.
Your spell library was empty.

Dungeon Overview and Level Annotations

Branches:
Dungeon (3/15)

Altars:
Elyvilon
Uskayaw

Shops:
D:2 =


Innate Abilities, Weirdness & Mutations

You have a pair of horns on your head.
You reflexively headbutt those who attack you in melee.


Message History

A red film seems to cover your vision as you go berserk!
You feel yourself moving faster!
You feel mighty!
An orc comes into view. It is wielding a +0 short sword.
The orc priest closely misses you.
You hit the orc priest. You headbutt the orc priest.
The orc priest is heavily wounded.
You barely miss the orc priest. You headbutt the orc priest.
You kill the orc priest!
Trog accepts your kill.
Your Polearms skill increases to level 6!
Your Dodging skill increases to level 3!
You see here a +0 short sword.
An orc comes into view. It is wielding a +0 club.
You feel a strong urge to attack something.
The orc shouts!
You hit the orc. You headbutt the orc.
You kill the orc!
Trog accepts your kill.
You have reached level 6!
You see here a +0 short sword.
You feel a strong urge to attack something.
You are no longer berserk.
You are exhausted.
You feel yourself slow down. The orc hits you with a +0 club.
* * * LOW HITPOINT WARNING * * *
You hit the orc.
The orc is lightly wounded.
The orc completely misses you. The orc hits you with a +0 club.
* * * LOW HITPOINT WARNING * * *
You hit the orc.
The orc is moderately wounded.
An orc wizard comes into view. It is wielding a +0 dagger.
The orc closely misses you. You furiously retaliate!
You headbutt the orc!
You kill the orc!
Trog accepts your kill.
The orc wizard shouts!
The orc wizard points at you and mumbles some strange words.
The magic dart hits you.
You die...

... ##.#.# .
#>.# #o## #.# #
#.# .##
######.###...#.
........).......
.##.####.##...##
#@# ## #)# #.#
#.####)#
#......#
######.# #.# #.#
..#


You could see an orc wizard.

Vanquished Creatures
  A sky beast (D:3)
  A hound (D:2)
  An orc priest (D:5)
  An iguana (D:5)
  2 adders
  A dart slug (D:3)
  7 orcs
  9 ball pythons
  10 endoplasms
  2 giant cockroaches (D:1)
  4 goblins
  4 hobgoblins
  4 jackals (D:1)
  A kobold (D:1)
  2 quokkas (D:3)
  2 bats
  3 frilled lizards
  2 rats
57 creatures vanquished.

Notes
Turn   | Place    | Note
-------+----------+-------------------------------------------
     0 | D:1      | RaderH2O the Minotaur Berserker began the quest for the
                  | Orb.
     0 | D:1      | Reached XP level 1. HP: 19/19 MP: 0/0
   218 | D:1      | Reached XP level 2. HP: 27/27 MP: 1/1
   251 | D:1      | Reached skill level 4 in Polearms
   348 | D:1      | Noticed a floating eye
   351 | D:1      | Found a faded altar of an unknown god.
   352 | D:1      | Noticed a shining eye
   352 | D:1      | Noticed a shining eye
   352 | D:1      | Noticed a golden eye
   847 | D:2      | Reached XP level 3. HP: 33/33 MP: 2/2
  1210 | D:2      | Reached XP level 4. HP: 40/41 MP: 3/3
  1342 | D:2      | Found Gink's Jewellery Shop.
  1989 | D:3      | Found a white marble altar of Elyvilon.
  2080 | D:3      | Reached skill level 5 in Polearms
  2103 | D:3      | Reached ** piety under Trog
  2108 | D:3      | Noticed a sky beast
  2118 | D:3      | Killed a sky beast
  2119 | D:3      | Reached XP level 5. HP: 47/47 MP: 4/4
  2175 | D:3      | Reached skill level 5 in Fighting
  2248 | D:3      | Found a hide-covered altar of Uskayaw.
  2302 | D:3      | You are sucked into a shaft and drop 2 floors!
  2302 | D:5      | Entered Level 5 of the Dungeon
  2342 | D:5      | Reached skill level 6 in Polearms
  2345 | D:5      | Reached XP level 6. HP: 12/56 MP: 5/5
  2348 | D:5      | HP: 1/56 [orc (4)]
  2350 | D:5      | Killed from afar by an orc wizard

Illustrated notes

Levels and vault maps discovered:
D:1:      giann_forest_graveyard, layout_loops_ring,
          hellmonk_ecumenical_altar_watching_god, hangedman_decor_points,
          serial_park_tiny_1
D:2:      layout_basic, serial_shops, shop
D:3:      layout_loops_ring, eat_drink_and_be_merry_uskayaw, elyvilon_altar_5,
          hex_tiny
D:5:      layout_loops_ring

Skill      XL: |  1  2  3  4  5 |
---------------+----------------+-----
Fighting       | 4 5 |  5.1
Polearms       | 4 5 6 |  6.0
Armour         | 3 |  3.9
Dodging        | 3 |  3.0
Stealth        | |  0.3

Action                   |  1- 3 |  4- 6 || total
-------------------------+-------+-------++-------
Melee: Spear             |    72 |    78 ||   150
       Headbutt          |    10 |    14 ||    24
       Punch             |     2 |       ||     2
Invok: Berserk           |       |     2 ||     2
  Use: Scroll            |       |     5 ||     5
       Potion            |       |     1 ||     1
Armor: Ring mail         |    21 |       ||    21
       Scale mail        |     3 |    28 ||    31
Dodge: Dodged            |    24 |    17 ||    41
